APP
DETROIT (APP) TIGERS @ PULASKI YANKEES
07/26/2044
 
TOP OF THE 1ST
Detroit (APP) Tigers batting - Pitching for Pulaski Yankees : RHP Edwin Espinal
Pitching: RHP Edwin Espinal
Batting: LHB Bill Ford 0-0: Ball
1-0: Swinging Strike
1-1: Swinging Strike
1-2: Ball
2-2: Ball
3-2: Foul Ball, location: 2F
3-2: Strikes out swinging
Batting: RHB Jon Goldstein 0-0: Ball
1-0: Ball
2-0: Ball
3-0: Called Strike
3-1: Base on Balls
Batting: RHB Adam MacConnell 0-0: Called Strike
0-1: Foul Ball, location: 2F
0-2: Strikes out swinging
Jon Goldstein steals 2nd base
Batter strikes out.
Batting: RHB Jose Evangelista 0-0: Ball
1-0: Ball
2-0: Ball
3-0: Foul Ball, location: 2F
3-1: Base on Balls
Batting: RHB Mike Sebastian 0-0: Ball
1-0: Ball
2-0: Called Strike
2-1: Swinging Strike
2-2: SINGLE (Groundball, 56D, EV 101.2 MPH)
Jon Goldstein to third
Jose Evangelista to second
Runner from 3rd tries for Home, SAFE, throw by LF to home
Batting: RHB Willie Ochoa 0-0: Ball
1-0: Ball
2-0: Ball
3-0: Base on Balls
Jose Evangelista to third
Mike Sebastian to second
Batting: RHB Jamie Villagrana 0-0: Ball
1-0: Ball
2-0: Ball
3-0: Base on Balls
Jose Evangelista scores
Mike Sebastian to third
Willie Ochoa to second
Batting: RHB Billy Verdusco 0-0: Foul Ball, location: 2F
0-1: Ball
1-1: Called Strike
1-2: Strikes out swinging
Top of the 1st over - 2 runs, 1 hit, 0 errors, 3 left on base; Detroit (APP) 2 - Pulaski 0
BOTTOM OF THE 1ST
Pulaski Yankees batting - Pitching for Detroit (APP) Tigers : RHP Andy Strange
Pitching: RHP Andy Strange
Batting: LHB Dan Morris 0-0: Ball
1-0: Called Strike
1-1: Ball
2-1: Ball
3-1: Ground out 6-3 (Groundball, 6, EV 91.2 MPH)
Batting: RHB Colby Macon 0-0: Fly out, F6 (Flyball, 5D, EV 90.6 MPH)
Batting: SHB Blake Abbott 0-0: Ball
1-0: Foul Ball, location: 2F
1-1: SINGLE (Groundball, 4MD, EV 94.4 MPH)
Batting: RHB Bobby Melillo 0-0: Called Strike
0-1: Swinging Strike
0-2: Ball
1-2: SINGLE (Groundball, 56S, EV 65.0 MPH) (infield hit)
Blake Abbott to second
Batting: SHB Victor Ruiz 0-0: SINGLE (Groundball, 4MD, EV 102.5 MPH)
Blake Abbott to third
Bobby Melillo to second
Batting: SHB Joe Fure 0-0: Ball
1-0: Foul Ball, location: 2F
1-1: Ball
2-1: Ball
3-1: Ground out 6-3 (Groundball, 6D, EV 102.5 MPH)
Bottom of the 1st over - 0 runs, 3 hits, 0 errors, 3 left on base; Detroit (APP) 2 - Pulaski 0
TOP OF THE 2ND
Detroit (APP) Tigers batting - Pitching for Pulaski Yankees : RHP Edwin Espinal
Batting: RHB Cory Wilkins 0-0: Called Strike
0-1: Ground out 3-1 (Groundball, 34D, EV 91.2 MPH)
Batting: LHB Bill Ford 0-0: Ball
1-0: Ball
2-0: Called Strike
2-1: Ball
3-1: Base on Balls
Batting: RHB Jon Goldstein 0-0: Ball
Bill Ford steals 2nd, throwing error, E2
Bill Ford to third
1-0: Called Strike
1-1: Foul Ball, location: 2F
1-2: Ball
2-2: Foul Ball, location: 2F
2-2: Foul Ball, location: 2F
2-2: Ground out 5-3 (Groundball, 56S, EV 73.1 MPH)
Bill Ford scores
Batting: RHB Adam MacConnell 0-0: Ball
1-0: Ball
2-0: Ball
3-0: Base on Balls
Batting: RHB Jose Evangelista 0-0: Called Strike
Adam MacConnell is caught stealing 2nd base 2-4
Top of the 2nd over - 1 run, 0 hits, 1 error, 0 left on base; Detroit (APP) 3 - Pulaski 0
BOTTOM OF THE 2ND
Pulaski Yankees batting - Pitching for Detroit (APP) Tigers : RHP Andy Strange
Batting: RHB Johannes Gutermuth 0-0: Ball
1-0: Foul Ball, location: 2F
1-1: Swinging Strike
1-2: Ball
2-2: Ball
3-2: Base on Balls
Batting: RHB Jordan Barragan 0-0: Called Strike
Johannes Gutermuth steals 2nd base
0-1: Ball
1-1: Foul Ball, location: 2F
1-2: Ground out 5-3 (Groundball, 56S, EV 81.9 MPH)
Batting: RHB Roberto Tena 0-0: Ground out 5-3 (Groundball, 56, EV 106.9 MPH)
Batting: LHB Dan Morris 0-0: Called Strike
0-1: SINGLE (Groundball, 34D, EV 103.1 MPH) (infield hit)
Johannes Gutermuth to third
Batting: RHB Colby Macon 0-0: Ground out 4-3 (Groundball, 4, EV 103.8 MPH)
Bottom of the 2nd over - 0 runs, 1 hit, 0 errors, 2 left on base; Detroit (APP) 3 - Pulaski 0
TOP OF THE 3RD
Detroit (APP) Tigers batting - Pitching for Pulaski Yankees : RHP Edwin Espinal
Batting: RHB Jose Evangelista 0-0: Ball
1-0: Called Strike
1-1: Swinging Strike
1-2: Ball
2-2: Ball
3-2: Foul Ball, location: 2F
3-2: Foul Ball, location: 2F
3-2: Strikes out looking
Batting: RHB Mike Sebastian 0-0: Ball
1-0: Swinging Strike
1-1: Ball
2-1: Foul Ball, location: 2F
2-2: Ball
3-2: Base on Balls
Batting: RHB Willie Ochoa 0-0: Ball
1-0: Ball
Mike Sebastian steals 2nd base
2-0: Swinging Strike
2-1: Ground out 4-3 (Groundball, 4, EV 105.0 MPH)
Mike Sebastian to third
Batting: RHB Jamie Villagrana 0-0: Ball
1-0: Swinging Strike
1-1: Ground out 5-3 (Groundball, 56S, EV 66.2 MPH)
Top of the 3rd over - 0 runs, 0 hits, 0 errors, 1 left on base; Detroit (APP) 3 - Pulaski 0
BOTTOM OF THE 3RD
Pulaski Yankees batting - Pitching for Detroit (APP) Tigers : RHP Andy Strange
Batting: SHB Blake Abbott 0-0: Ground out U3 (Groundball, 3S, EV 68.1 MPH)
Batting: RHB Bobby Melillo 0-0: Foul Ball, location: 2F
0-1: Ball
1-1: Ball
2-1: Foul Ball, location: 2F
2-2: Foul Ball, location: 2F
2-2: SINGLE (Groundball, 25, EV 68.8 MPH) (infield hit)
Batting: SHB Victor Ruiz 0-0: Ball
1-0: Ball
2-0: Called Strike
2-1: Ball
3-1: Fly out, F7 (Line Drive, 78M, EV 96.9 MPH)
Batting: SHB Joe Fure 0-0: Called Strike
0-1: Ball
Bobby Melillo steals 2nd base
1-1: Ball
2-1: Ball
3-1: Base on Balls
Batting: RHB Johannes Gutermuth 0-0: Ball
1-0: Ball
2-0: Ball
3-0: Called Strike
3-1: 3-RUN HOME RUN (Flyball, 7LD, EV 91.9 MPH), Distance : 344 ft
Batting: RHB Jordan Barragan 0-0: Called Strike
0-1: Ball
1-1: Foul Ball, location: 2F
1-2: Foul Ball, location: 2F
1-2: Ball
2-2: Fly out, F6 (Line Drive, 6, EV 71.9 MPH)
Bottom of the 3rd over - 3 runs, 2 hits, 0 errors, 0 left on base; Detroit (APP) 3 - Pulaski 3
TOP OF THE 4TH
Detroit (APP) Tigers batting - Pitching for Pulaski Yankees : RHP Edwin Espinal
Pitching: RHP Vince DeFord
Batting: RHB Billy Verdusco 0-0: Called Strike
0-1: Called Strike
0-2: SINGLE (Line Drive, 7S, EV 102.5 MPH)
Batting: RHB Cory Wilkins 0-0: Swinging Strike
0-1: Called Strike
0-2: Foul Ball, location: 2F
0-2: Ball
1-2: Strikes out looking
Batting: LHB Bill Ford 0-0: Called Strike
0-1: Called Strike
0-2: Ball
1-2: Ball
2-2: Strikes out swinging
Batting: RHB Jon Goldstein 0-0: Called Strike
Billy Verdusco steals 2nd base
0-1: Called Strike
0-2: Ball
1-2: Strikes out swinging
Top of the 4th over - 0 runs, 1 hit, 0 errors, 1 left on base; Detroit (APP) 3 - Pulaski 3
BOTTOM OF THE 4TH
Pulaski Yankees batting - Pitching for Detroit (APP) Tigers : RHP Andy Strange
Batting: RHB Roberto Tena 0-0: Ball
1-0: Foul Ball, location: 2F
1-1: Ball
2-1: Fly out, F8 (Flyball, 8RD, EV 101.9 MPH)
Batting: LHB Dan Morris 0-0: Ball
1-0: Ball
2-0: Ball
3-0: Base on Balls
Batting: RHB Colby Macon 0-0: Ball
1-0: Ball
2-0: 2-RUN HOME RUN (Flyball, 78XD, EV 100.0 MPH) (Inside the Park)
Pitching: RHP Kyle Moore
Batting: SHB Blake Abbott 0-0: Ball
1-0: Called Strike
1-1: Ball
2-1: Foul Ball, location: 2F
2-2: Strikes out swinging
Batting: RHB Bobby Melillo 0-0: Foul Ball, location: 2F
0-1: Foul Ball, location: 2F
0-2: Ball
1-2: Ball
2-2: Foul Ball, location: 2F
2-2: Ball
3-2: Foul Ball, location: 2F
3-2: Foul Ball, location: 2F
3-2: Fly out, F8 (Flyball, 8LXD, EV 91.2 MPH)
Bottom of the 4th over - 2 runs, 1 hit, 0 errors, 0 left on base; Detroit (APP) 3 - Pulaski 5
TOP OF THE 5TH
Detroit (APP) Tigers batting - Pitching for Pulaski Yankees : RHP Vince DeFord
Batting: RHB Adam MacConnell 0-0: Called Strike
0-1: Ball
1-1: Ball
2-1: Ball
3-1: Foul Ball, location: 2F
3-2: Strikes out swinging
Batting: RHB Jose Evangelista 0-0: Foul Ball, location: 2F
0-1: Called Strike
0-2: Strikes out looking
Batting: RHB Mike Sebastian 0-0: Ball
1-0: Ball
2-0: Ball
3-0: Called Strike
3-1: Base on Balls
Batting: RHB Willie Ochoa 0-0: Ball
Mike Sebastian is caught stealing 2nd base 2-4
Top of the 5th over - 0 runs, 0 hits, 0 errors, 0 left on base; Detroit (APP) 3 - Pulaski 5
BOTTOM OF THE 5TH
Pulaski Yankees batting - Pitching for Detroit (APP) Tigers : RHP Kyle Moore
Batting: SHB Victor Ruiz 0-0: Ball
1-0: Ball
2-0: Foul Ball, location: 2F
2-1: Foul Ball, location: 2F
2-2: Strikes out swinging
Batting: SHB Joe Fure 0-0: Ball
1-0: Ball
2-0: Ball
3-0: Called Strike
3-1: Base on Balls
Batting: RHB Johannes Gutermuth 0-0: DOUBLE (Line Drive, 3D, EV 104.4 MPH)
Joe Fure to third
Runner from 3rd tries for Home, SAFE, no throw by RF
Batting: RHB Jordan Barragan 0-0: 2-RUN HOME RUN (Flyball, 89XD, EV 108.8 MPH), Distance : 401 ft
Batting: RHB Roberto Tena 0-0: Called Strike
0-1: Ball
1-1: Ground out 4-3 (Groundball, 4, EV 82.5 MPH)
Batting: LHB Dan Morris 0-0: Ball
1-0: Ball
2-0: Ball
3-0: Called Strike
3-1: Base on Balls
Batting: RHB Colby Macon 0-0: Called Strike
0-1: Ball
1-1: Ball
2-1: 2-RUN HOME RUN (Flyball, 7LD, EV 97.5 MPH), Distance : 355 ft
Pitching: RHP Luis Brown
Batting: SHB Blake Abbott 0-0: Swinging Strike
0-1: Ball
1-1: Ball
2-1: Ground out 4-3 (Groundball, 4, EV 87.5 MPH)
Bottom of the 5th over - 5 runs, 3 hits, 0 errors, 0 left on base; Detroit (APP) 3 - Pulaski 10
TOP OF THE 6TH
Detroit (APP) Tigers batting - Pitching for Pulaski Yankees : RHP Vince DeFord
Batting: RHB Willie Ochoa 0-0: Ball
1-0: Called Strike
1-1: Ball
2-1: Ball
3-1: Base on Balls
Batting: RHB Jamie Villagrana 0-0: Called Strike
0-1: Ball
1-1: Ball
2-1: Called Strike
2-2: Reached on error, E5 (Groundball, 5, EV 90.6 MPH)
Willie Ochoa to second
Pitching: RHP David Sauers
Batting: RHB Billy Verdusco 0-0: Foul Ball, location: 2F
0-1: Ball
1-1: Called Strike
1-2: Strikes out swinging
Batting: RHB Cory Wilkins 0-0: Ball
1-0: Called Strike
1-1: Ball
2-1: Foul Ball, location: 2F
2-2: Fly out, F7 (Flyball, 7D, EV 90.6 MPH)
Batting: LHB Bill Ford 0-0: Called Strike
0-1: Ball
1-1: Called Strike
1-2: Foul Ball, location: 2F
1-2: Foul Ball, location: 2F
1-2: Strikes out swinging
Top of the 6th over - 0 runs, 0 hits, 1 error, 2 left on base; Detroit (APP) 3 - Pulaski 10
BOTTOM OF THE 6TH
Pulaski Yankees batting - Pitching for Detroit (APP) Tigers : RHP Luis Brown
Batting: RHB Bobby Melillo 0-0: Swinging Strike
0-1: Ball
1-1: Swinging Strike
1-2: Ball
2-2: Ball
3-2: Fly out, F2 (Popup, 25F, EV 77.5 MPH)
Batting: SHB Victor Ruiz 0-0: Ball
1-0: Ball
2-0: Called Strike
2-1: Ball
3-1: Foul Ball, location: 2F
3-2: Ground out 4-3 (Groundball, 4, EV 85.0 MPH)
Batting: SHB Joe Fure 0-0: Ball
1-0: Called Strike
1-1: Foul Ball, location: 2F
1-2: Ball
2-2: Foul Ball, location: 2F
2-2: Ground out U3 (Groundball, 3, EV 89.4 MPH)
Bottom of the 6th over - 0 runs, 0 hits, 0 errors, 0 left on base; Detroit (APP) 3 - Pulaski 10
TOP OF THE 7TH
Detroit (APP) Tigers batting - Pitching for Pulaski Yankees : RHP David Sauers
Batting: RHB Jon Goldstein 0-0: Ball
1-0: Ball
2-0: Called Strike
2-1: Swinging Strike
2-2: SINGLE (Groundball, 25, EV 63.1 MPH) (infield hit)
Batting: RHB Adam MacConnell 0-0: Ball
1-0: Called Strike
1-1: Called Strike
Jon Goldstein steals 2nd, throwing error, E2
Jon Goldstein to third
1-2: Ball
2-2: Ball
3-2: Foul Ball, location: 2F
3-2: Base on Balls
Batting: RHB Jose Evangelista 0-0: Ball
1-0: Ball
2-0: Called Strike
2-1: Fly out, F6 (Line Drive, 6, EV 71.2 MPH)
Pitching: LHP Brian Hampton
Batting: RHB Mike Sebastian 0-0: Grounds into double play, 6-4-3 (Groundball, 6, EV 108.1 MPH)
Top of the 7th over - 0 runs, 1 hit, 1 error, 1 left on base; Detroit (APP) 3 - Pulaski 10
BOTTOM OF THE 7TH
Pulaski Yankees batting - Pitching for Detroit (APP) Tigers : RHP Luis Brown
Batting: RHB Johannes Gutermuth 0-0: Ball
1-0: Ball
2-0: Ball
3-0: Base on Balls
Batting: RHB Jordan Barragan 0-0: Ball
Johannes Gutermuth steals 2nd base
1-0: Swinging Strike
1-1: Ball
2-1: Foul Ball, location: 2F
2-2: Fly out, F9 (Flyball, 9LS, EV 81.9 MPH)
Pitching: RHP Bert Hernandez
Batting: RHB Roberto Tena 0-0: Foul Ball, location: 2F
0-1: Ball
1-1: Foul Ball, location: 2F
1-2: Ground out 5-3 (Groundball, 56, EV 88.8 MPH)
Batting: LHB Dan Morris 0-0: SINGLE (Line Drive, 89S, EV 110.6 MPH)
Johannes Gutermuth to third
Runner from 3rd tries for Home, SAFE, throw by CF to home
Dan Morris to second
Batting: RHB Colby Macon 0-0: Called Strike
0-1: SINGLE (Groundball, 6MD, EV 107.5 MPH)
Dan Morris to third
Runner from 3rd tries for Home, SAFE, throw by CF to home
Batting: SHB Blake Abbott 0-0: 2-RUN HOME RUN (Flyball, 9D, EV 100.0 MPH), Distance : 373 ft
Pinch Hitting: RHB Seth Rutz 0-0: Foul Ball, location: 2F
0-1: Foul Ball, location: 2F
0-2: Foul Ball, location: 2F
0-2: Ball
1-2: Fly out, F8 (Flyball, 8LD, EV 86.9 MPH)
Bottom of the 7th over - 4 runs, 3 hits, 0 errors, 0 left on base; Detroit (APP) 3 - Pulaski 14
TOP OF THE 8TH
Detroit (APP) Tigers batting - Pitching for Pulaski Yankees : LHP Brian Hampton
Now at 1B: Seth Rutz
Batting: RHB Willie Ochoa 0-0: Ball
1-0: Swinging Strike
1-1: Foul Ball, location: 2F
1-2: Ground out 6-3 (Groundball, 6, EV 79.4 MPH)
Batting: RHB Jamie Villagrana 0-0: Ball
1-0: Ball
2-0: Ball
3-0: Called Strike
3-1: Fly out, F9 (Flyball, 89M, EV 90.6 MPH)
Batting: RHB Billy Verdusco 0-0: Called Strike
0-1: Called Strike
0-2: Strikes out swinging
Top of the 8th over - 0 runs, 0 hits, 0 errors, 0 left on base; Detroit (APP) 3 - Pulaski 14
BOTTOM OF THE 8TH
Pulaski Yankees batting - Pitching for Detroit (APP) Tigers : RHP Bert Hernandez
Pinch Hitting: RHB Graham Murphy 0-0: Foul Ball, location: 2F
0-1: Ground out 5-3 (Groundball, 56, EV 101.9 MPH)
Batting: SHB Joe Fure 0-0: Foul Ball, location: 2F
0-1: Called Strike
0-2: Ground out 6-3 (Groundball, 6M, EV 83.8 MPH)
Batting: RHB Johannes Gutermuth 0-0: Ball
1-0: Called Strike
1-1: Ball
2-1: DOUBLE (Flyball, 8RXD, EV 106.9 MPH)
Batting: RHB Jordan Barragan 0-0: Ground out 6-3 (Groundball, 6D, EV 104.4 MPH)
Bottom of the 8th over - 0 runs, 1 hit, 0 errors, 1 left on base; Detroit (APP) 3 - Pulaski 14
TOP OF THE 9TH
Detroit (APP) Tigers batting - Pitching for Pulaski Yankees : LHP Brian Hampton
Now in LF: Graham Murphy
Batting: RHB Cory Wilkins 0-0: Ball
1-0: Ground out 4-3 (Groundball, 34D, EV 100.6 MPH)
Batting: LHB Bill Ford 0-0: Ball
1-0: Ball
2-0: Called Strike
2-1: Ball
3-1: Foul Ball, location: 2F
3-2: Base on Balls
Batting: RHB Jon Goldstein 0-0: Foul Ball, location: 2F
0-1: Foul Ball, location: 2F
0-2: Strikes out looking
Batting: RHB Adam MacConnell 0-0: Called Strike
0-1: Foul Ball, location: 2F
0-2: Ball
1-2: Ball
2-2: Ball
3-2: Base on Balls
Bill Ford to second
Batting: RHB Jose Evangelista 0-0: Swinging Strike
0-1: Called Strike
0-2: Ball
1-2: DOUBLE (Flyball, 89XD, EV 105.6 MPH)
Bill Ford scores
Adam MacConnell to third
Pitching: RHP Bill Kaiser
Batting: RHB Mike Sebastian 0-0: Called Strike
0-1: Ball
1-1: TRIPLE (Line Drive, 9LD, EV 99.4 MPH)
Adam MacConnell scores
Jose Evangelista scores
Batting: RHB Willie Ochoa 0-0: 2-RUN HOME RUN (Flyball, 7LD, EV 93.8 MPH), Distance : 342 ft
Batting: RHB Jamie Villagrana 0-0: Foul Ball, location: 2F
0-1: Ball
1-1: Called Strike
1-2: Foul Ball, location: 2F
1-2: Ball
2-2: Strikes out swinging
Top of the 9th over - 5 runs, 3 hits, 0 errors, 0 left on base; Detroit (APP) 8 - Pulaski 14
Thursday, March 31st , 2022 - OOTP Baseball 22.12 Build 89